 Dungeon Crawl Stone Soup version 0.24.1-14-gf8d2b509d9 (webtiles) character file.

Game seed: 13291142161847715481, levelgen mode: deterministic

21 Hugehornet the Insei (level 2, 0/18 HPs)
             Began as an Octopode Transmuter on May 16, 2020.
             Killed from afar by a dart slug (5 damage)
             ... with a slug dart
             ... on level 1 of the Dungeon.
             The game lasted 00:00:46 (803 turns).

Hugehornet the Insei (Octopode Transmuter)           Turns: 803, Time: 00:00:46

Health: 0/18       AC:  1    Str:  9    XL:     2   Next: 83%
Magic:  5/5        EV: 13    Int: 15    God:
Gold:   7          SH:  0    Dex: 12    Spells: 2/5 levels left

rFire    . . .     SeeInvis .     - Unarmed
rCold    . . .     Gourm    .   (no shield)
rNeg     . . .     Faith    .   (helmet restricted)
rPois    .         Spirit   .   (no amulet)
rElec    .         Reflect  .   (no ring)
rCorr    .         Harm     .   (no ring)
MR       .....                  (no ring)
Stlth    +++.......             (no ring)
HPRegen  0.06/turn              (no ring)
MPRegen  0.09/turn              (no ring)
                                (no ring)
                                (no ring)

@: no status effects
A: almost no armour, stealthy swim, amphibious, 8 rings, constrict 8, camouflage
1, gelatinous body 1
a: no special abilities


You were on level 1 of the Dungeon.
You were not hungry.

You visited 1 branch of the dungeon, and saw 1 of its levels.

You collected 7 gold pieces.

Inventory:

Missiles
 a - 21 arrows
Scrolls
 d - 2 scrolls of teleportation {unknown}
Potions
 b - a potion of cancellation {unknown}
Comestibles
 c - 3 rations


   Skills:
 - Level 1.0 Fighting
 - Level 2.0 Dodging
 - Level 3.0 Unarmed Combat
 + Level 2.3 Spellcasting
 * Level 2.9 Transmutations


You had 2 spell levels left.
You knew the following spells:

 Your Spells              Type           Power        Failure   Level  Hunger
a - Beastly Appendage     Tmut           ##....       6%          1    #......
b - Sticks to Snakes      Tmut           ##......     10%         2    ###....

Your spell library contained the following spells:

 Spells                   Type           Power        Failure   Level  Hunger
 Spider Form              Tmut/Pois      #.........   34%         3    ###....
 Ice Form                 Ice/Tmut       #.......     75%         4    #####..
 Blade Hands              Tmut           ##........   87%         5    ######.


Dungeon Overview and Level Annotations

Branches:
Dungeon (1/15)

Altars:


Innate Abilities, Weirdness & Mutations

You cannot wear most types of armour.
You are very stealthy in the water. (Stealth+)
You are amphibious.
You can wear up to eight rings at the same time.
You can use your tentacles to constrict eight enemies at once.
Your skin changes colour to match your surroundings (Stealth+).
Your rubbery body absorbs attacks. (AC +1, EV +1)


Message History

You constrict the bat. The bat hits you.
The bat struggles to escape constriction.
The bat escapes!
You tentacle-slap the bat but do no damage.
Your grab misses the bat. You squeeze the bat.
You kill the bat!
Your tentacle spike disappears.
There are monsters nearby!
The dart slug launches a dart at you. The slug dart misses you.
The dart slug launches a dart at you. The slug dart misses you.
The dart slug launches a dart at you. The slug dart misses you.
The dart slug launches a dart at you. The slug dart hits you.
* * * LOW HITPOINT WARNING * * *
The dart slug launches a dart at you. The slug dart hits you.
You die...

####..###.#.##..# #..#.#.(.##
........#.#.##..# #..#.##....
......).#.#.##..# #..#.##....
........#.#.##..###..#.##....
.............................
........#..ww....###...§...##
$.........≈≈≈≈...##...≈§≈≈...
......†..≈≈≈≈≈≈.....§≈§§§§≈..
........K≈≈≈@≈≈.....§≈≈§>≈≈..
.........≈≈≈≈≈≈......≈≈≈≈≈≈..
#.....##..≈≈≈≈..####..≈≈≈§...
#..... ##......## ##......#.
...... ######.# #.....##.
...... .# #.....# . ... ..
..#...# #.. ..#.....


You could see 2 dart slugs and a kobold.

Vanquished Creatures
  4 bats (D:1)
  A giant cockroach (D:1)
  2 goblins (D:1)
  5 hobgoblins (D:1)
  2 frilled lizards (D:1)
  2 kobolds (D:1)
  3 rats (D:1)
19 creatures vanquished.

Notes
Turn   | Place    | Note
-------+----------+-------------------------------------------
     0 | D:1      | Hugehornet the Octopode Transmuter began the quest for the
                  | Orb.
     0 | D:1      | Reached XP level 1. HP: 13/13 MP: 3/3
   314 | D:1      | Reached XP level 2. HP: 17/18 MP: 3/5
   422 | D:1      | Learned a level 2 spell: Sticks to Snakes
   803 | D:1      | Killed from afar by a dart slug

Levels and vault maps discovered:
D:1:      dpeg_arrival_pits, layout_basic

Action                   || total
-------------------------++-------
Melee: Unarmed           ||    37
       Kick              ||    10
       Constrict         ||    12
       Tentacles         ||     7
 Cast: Beastly Appendage ||    11
 Stab: Sleeping          ||     2
Armor: Skin              ||     9
Dodge: Dodged            ||    36
